 Dungeon Crawl Stone Soup version 0.26-b1-32-g5d43845318 (webtiles) character file.

Game seed: 3342016596139816078

137 sentinel the Skirmisher (level 5, 44/44 HPs)
             Began as a Demonspawn Conjurer on Jan 11, 2021.
             Quit the game on level 3 of the Dungeon.
             The game lasted 00:03:26 (3031 turns).

sentinel the Skirmisher (Demonspawn Conjurer)       Turns: 3031, Time: 00:03:26

Health: 44/44      AC:  6    Str:  8    XL:     5   Next: 0%
Magic:  6/8        EV: 10    Int: 20    God:
Gold:   226        SH:  0    Dex: 11    Spells: 5/8 levels left

rFire    . . .     SeeInvis .   i - +0 dagger (freeze)
rCold    + . .     Faith    .   (no shield)
rNeg     . . .     Spirit   +   n - +0 ring mail (curse)
rPois    .         Reflect  .   (no helmet)
rElec    .         Harm     .   (no cloak)
rCorr    .         Rampage  .   (no gloves)
Will     .....                  (no boots)
Stlth    +.........             (no amulet)
HPRegen  0.14/turn              (no ring)
MPRegen  0.11/turn              (no ring)

@: no status effects
A: rugged brown scales 1, cold resistance 1, magic shield
a: no special abilities


You were on level 3 of the Dungeon.
You visited 1 branch of the dungeon, and saw 3 of its levels.

You collected 226 gold pieces.

Inventory:

Hand Weapons
 b - a +0 spear
 i - a +0 dagger of freezing (weapon)
Missiles
 j - 27 poisoned darts
Armour
 a - a +0 robe
 n - a cursed +0 ring mail (worn)
Wands
 w - a wand of polymorph (7)
Scrolls
 h - 2 scrolls of identify {unknown}
 l - 2 scrolls of remove curse {unknown}
 o - a scroll of noise {unknown}
 p - a scroll of amnesia {unknown}
 s - a scroll of enchant armour {unknown}
 x - a scroll of teleportation {unknown}
Potions
 c - a potion of curing {unknown}
 d - a potion of ambrosia {unknown}
 e - a potion of degeneration {unknown}
 f - 2 potions of heal wounds {unknown}
 g - a potion of invisibility {unknown}
 k - a potion of cancellation {unknown}
 m - a potion of haste {unknown}
 q - a potion of lignification {unknown}
 r - a potion of experience {unknown}
 t - a potion of might {unknown}
 u - a potion of brilliance {unknown}
 v - a potion of magic {unknown}


   Skills:
 - Level 4.6 Fighting
 + Level 0.1 Armour
 - Level 1.7 Dodging
 - Level 1.7 Stealth
 - Level 2.0 Spellcasting
 - Level 4.0 Conjurations
 + Level 0.0 Evocations


You had 5 spell levels left.
You knew the following spells:

 Your Spells              Type           Power        Failure   Level
a - Magic Dart            Conj           72%          10%         1
b - Searing Ray           Conj           36%          14%         2

Your spell library contained the following spells:

 Spells                   Type           Power        Failure   Level
 Dazzling Flash           Conj/Hex       20%          54%         3
 Fulminant Prism          Conj/Hex       5%           91%         4
 Iskenderun's Mystic Bla  Conj/Tloc      10%          91%         4


Dungeon Overview and Level Annotations

Branches:
Dungeon (3/15)

Altars:


Innate Abilities, Weirdness & Mutations

You are partially covered in rugged brown scales. (AC +1, +3% HP)
Your flesh is cold resistant. (rC+)
When hurt, damage is shared between your health and your magic reserves.


Message History

The jackal bites you but does no damage.
The jackal bites you but does no damage.
The jackal closely misses you.
Things that are here:
a +0 chain mail; an orc corpse
There is a stone staircase leading up, spattered with blood here.
The jackal misses you.
You climb upwards.
There is a stone staircase leading down, spattered with blood here.
You hit the jackal. You freeze the jackal. The jackal closely misses you.
You closely miss the jackal. The jackal barely misses you.
The jackal closely misses you.
You hit the jackal. You freeze the jackal.
You kill the jackal!
No target in view!
No target in view!
No target in view!
No target in view!
No target in view!
No target in view!
You start resting.
You climb downwards.
The jackal bites you but does no damage.
The jackal closely misses you.
There is a stone staircase leading up, spattered with blood here.
You barely miss the jackal. The jackal closely misses you.
You hit the jackal. You freeze the jackal. The jackal closely misses you.
The jackal barely misses you.
You barely miss the jackal. The jackal barely misses you.
You hit the jackal but do no damage. The jackal barely misses you.
You hit the jackal but do no damage. The jackal bites you.
The jackal bites you but does no damage.
You closely miss the jackal.
The jackal bites you but does no damage.
You hit the jackal. You freeze the jackal. The jackal barely misses you.
The jackal closely misses you.
You closely miss the jackal. The jackal closely misses you.
You hit the jackal. You freeze the jackal.
You kill the jackal!
You hit the jackal. You freeze the jackal. The jackal barely misses you.
You closely miss the jackal. The jackal barely misses you.
The jackal bites you.
You hit the jackal but do no damage. The jackal barely misses you.
You closely miss the jackal. The jackal bites you.
The jackal bites you but does no damage.
You completely miss the jackal.
The jackal bites you but does no damage.
You hit the jackal. You freeze the jackal. The jackal closely misses you.
You hit the jackal. You freeze the jackal.
You kill the jackal!
No target in view!
No target in view!
An adder is nearby!
But you're not safe! But you're not safe!
The adder hisses angrily.
Aim: an adder (37% to evade)
You miscast Searing Ray.
You are very lightly contaminated with residual magic.
Nothing appears to happen.
The adder barely misses you. The adder bites you but does no damage.
You hit the adder but do no damage. The adder bites you.
Aim: an adder (37% to evade)
You miscast Searing Ray.
Nothing appears to happen.
The adder bites you. The adder barely misses you. The adder bites you.
Aim: an adder (37% to evade)
You miscast Searing Ray.
Nothing appears to happen.
The adder closely misses you. The adder bites you.
You barely miss the adder. The adder barely misses you. x2
You hit the adder.
The adder seems to slow down.
You freeze the adder. The adder bites you but does no damage.
You completely miss the adder.
The adder is no longer moving slowly.
The adder completely misses you.
You miss the adder. The adder barely misses you.
You closely miss the adder. The adder barely misses you.
You hit the adder but do no damage. The adder bites you but does no damage.
You hit the adder.
The adder seems to slow down.
You freeze the adder. The adder bites you.
You hit the adder. You freeze the adder.
The adder bites you but does no damage.
You barely miss the adder. The adder barely misses you.
Your ring mail prevents you from hitting the adder.
The adder bites you but does no damage.
You hit the adder. You freeze the adder.
You kill the adder!
No target in view!
You start resting.
Your magical contamination has completely faded away.
Found a leather armour.
You open the door.
A frilled lizard comes into view.
There is an open door here.
But you're not safe! But you're not safe! But you're not safe!
But you're not safe! But you're not safe! But you're not safe!
The magic dart hits the frilled lizard.
You kill the frilled lizard!
You can't see any susceptible monsters within range! (Use Z to cast anyway.)
You can't see any susceptible monsters within range! (Use Z to cast anyway.)
You can't see any susceptible monsters within range! (Use Z to cast anyway.)
You open the large door.
There is a large open door here.
t - a blue potion You open the door.
There is an open door here.
You now have 216 gold pieces (gained 15).
You now have 226 gold pieces (gained 10).
Found 31 stones.
You see here 31 stones.
There is a large open door here.
There is a large open door here.
There is a fountain of clear blue water here.
You open the large door.
There is a large open door here.
You see here a bat skeleton.
u - a silvery potion
Found a robe.
A leopard gecko comes into view.
The leopard gecko moves out of view.
The leopard gecko hisses angrily.
A leopard gecko is nearby!
But you're not safe! But you're not safe! But you're not safe!
The magic dart hits the leopard gecko.
You kill the leopard gecko!
You can't see any susceptible monsters within range! (Use Z to cast anyway.)
You can't see any susceptible monsters within range! (Use Z to cast anyway.)
v - a coppery potion
Found a robe.
w - a wand of polymorph (7)
x - a scroll labelled XOSEIWNUIK A rat comes into view.
Found 13 sling bullets.
But you're not safe! But you're not safe! But you're not safe!
But you're not safe! But you're not safe! But you're not safe!
The magic dart hits the rat.
You kill the rat!
You have reached level 5!
Your demonic ancestry asserts itself...
You feel resistant to cold.

....#.##....#.## ....
#..#.#.#....#.## (....#
##..##.#.......##
.†...[##....##......####
....................###.
......................
..##....##...[....#.
#.##..##.#.......#.
#@#..#.#.#....#.#.
#.#....#.##....#.#.
##......##.#...#.#.
#..........#.#......
#............##...###
................#..#
....................#
....................#
#####################


There were no monsters in sight!

Vanquished Creatures
  A hound skeleton (D:2)
  3 adders
  An ooze (D:1)
  2 worms
  2 leopard geckos
  4 orcs
  2 giant cockroaches (D:3)
  6 goblins
  9 hobgoblins
  14 jackals
  8 bats
  5 frilled lizards
  12 kobolds
  7 rats
76 creatures vanquished.

Notes
Turn   | Place    | Note
-------+----------+-------------------------------------------
     0 | D:1      | sentinel the Demonspawn Conjurer began the quest for the
                  | Orb.
     0 | D:1      | Reached XP level 1. HP: 13/13 MP: 3/3
    97 | D:1      | Reached skill level 1 in Fighting
   192 | D:1      | Gained mutation: You are partially covered in rugged brown
                  | scales. (AC +1, +3% HP) [demonic ancestry]
   192 | D:1      | Reached XP level 2. HP: 15/22 MP: 0/5
   665 | D:1      | Reached XP level 3. HP: 28/28 MP: 3/6
   782 | D:1      | Learned a level 2 spell: Searing Ray
  1630 | D:2      | Gained mutation: When hurt, damage is shared between your
                  | health and your magic reserves. [demonic ancestry]
  1630 | D:2      | Reached XP level 4. HP: 32/38 MP: 0/7
  3031 | D:3      | Gained mutation: Your flesh is cold resistant. (rC+)
                  | [demonic ancestry]
  3031 | D:3      | Reached XP level 5. HP: 44/44 MP: 6/8
  3031 | D:3      | Quit the game

Illustrated notes

Levels and vault maps discovered:
D:1:      minmay_arrival_cross, layout_rooms, minmay_stone_trees_small
D:2:      layout_loops_cross, minmay_fractal_squares_gapless_5
D:3:      layout_loops_cross, nicolae_overflow_crystal_walls,
          minmay_misc_feat_secret_circle, grunt_decor_arrowhead

Skill      XL: |  1  2  3  4 |
---------------+-------------+-----
Fighting       | 1 2 3 4 |  4.6
Armour         | |  0.1
Dodging        | |  1.7
Stealth        | |  1.7
Spellcasting   | |  2.0
Conjurations   | |  4.0

Action                   |  1- 3 |  4- 6 || total
-------------------------+-------+-------++-------
Melee: Spear             |    36 |       ||    36
       Dagger            |    16 |    82 ||    98
 Cast: Magic Dart        |    68 |    43 ||   111
       Searing Ray       |     3 |     2 ||     5
Armor: Robe              |    21 |       ||    21
       Ring mail         |       |    36 ||    36
Dodge: Dodged            |    39 |    60 ||    99
